AoeStats
← _Panelló

Nomad

510064460Analyzed
4v4 RM · 5d ago on Sep 29, 2026· 42m 25s· 8 players
Game mode
Random Map
Map size
231×231
Population
200
Speed
Normal
Resources
Standard
Victory
Conquest
Starting age
Dark Age
Ending age
Imperial Age
RankedLock teamsTeams togetherTeam positionsShared explorationLock speedFull tech treeHidden civsTurbo modeCheats
Victory
Defeat
🇪🇸 Bengalis · Spain
1074
+15
🇩🇪 Ethiopians · Germany
1073
+15
🇪🇸 Vikings · Spain
1056
+16
🇪🇸 Saracens · Spain
1007
+17
🇮🇳 Armenians · India
1077
-17
🇲🇽 Spanish · Mexico
1060
-16
🇬🇧 Chinese · United Kingdom
1055
-16
🇨🇳 Goths · China
1006
-14
Padre Ataulfo Remy
3:49 Loom
14:51 Feudal Age
15:30 Fishing Lines
18:45 Castle Age
16:34 Double-Bit Axe
18:46 Town Watch
19:48 Bow Saw
19:19 Horse Collar
19:33 Gillnets
22:22 Wheelbarrow
21:48 Town Patrol
25:09 Heavy Plow
27:24 Gold Mining
29:20 Hand Cart
29:25 Fletching
30:13 Bodkin Arrow
33:22 Imperial Age
31:17 Ballistics
31:43 Gold Shaft Mining
33:23 Scale Mail Armor
33:33 Forging
34:27 Mahayana
34:31 Conscription
34:45 Paiks
34:54 Bracer
34:55 Padded Archer Armor
36:07 Chemistry
35:18 Masonry
34:31 Siege Elephant
35:19 Scale Barding Armor
35:49 Iron Casting
35:22 Elite Elephant Archer
38:13 Leather Archer Armor
39:38 Bloodlines
39:28 Husbandry
41:27 Ring Archer Armor
42:17 Architecture
41:52 Siege Engineers
43:05 Chain Barding Armor
43:45 Blast Furnace
M@xAttacks
14:26 Feudal Age
16:20 Double-Bit Axe
19:48 Castle Age
17:51 Fishing Lines
21:07 Bow Saw
20:46 Crossbowman
21:30 Loom
21:39 Gold Mining
23:23 Fletching
24:12 Wheelbarrow
23:22 Town Watch
26:01 Horse Collar
27:02 Thumb Ring
31:36 Imperial Age
29:59 Gold Shaft Mining
30:28 Ballistics
30:44 Bodkin Arrow
31:57 Masonry
31:46 Arbalester
33:39 Two-Man Saw
35:20 Padded Archer Armor
36:25 Conscription
37:16 Architecture
40:00 Hand Cart
39:45 Town Patrol
42:02 Stone Mining
43:26 Chemistry
_Panelló
4:10 Loom
14:55 Feudal Age
21:26 Castle Age
20:54 Horse Collar
22:38 Double-Bit Axe
24:29 Heavy Plow
24:44 Bow Saw
29:28 Bloodlines
29:18 Husbandry
30:42 Gold Mining
31:36 Forging
31:31 Scale Barding Armor
32:21 Gold Shaft Mining
38:05 Imperial Age
36:54 Chain Barding Armor
37:09 Iron Casting
39:24 Plate Barding Armor
39:34 Heavy Camel Rider
Barbas_97
3:00 Loom
15:38 Feudal Age
16:17 Double-Bit Axe
16:40 Town Watch
17:17 Fletching
22:07 Castle Age
21:18 Horse Collar
21:46 Fishing Lines
22:57 Bodkin Arrow
24:59 Medium Warships
28:17 Bow Saw
28:44 Scale Mail Armor
28:40 Gillnets
28:56 Stone Mining
31:11 Gold Mining
32:16 Squires
35:25 Imperial Age
33:40 Gold Shaft Mining
33:29 Forging
37:16 Chain Mail Armor
37:37 Iron Casting
38:41 Conscription
38:54 Plate Mail Armor
38:22 Elite Varangian Guard
40:46 Blast Furnace
eduhaas
5:04 Loom
14:41 Feudal Age
20:25 Castle Age
19:03 Double-Bit Axe
21:28 Forging
27:16 Horse Collar
28:43 Bow Saw
29:04 Bloodlines
28:55 Husbandry
32:45 Scale Barding Armor
33:16 Iron Casting
35:38 Chain Barding Armor
kwik
4:20 Loom
hold up
4:13 Loom
16:34 Feudal Age
17:37 Fishing Lines
25:33 Castle Age
24:04 Double-Bit Axe
24:03 Horse Collar
24:59 Stone Mining
25:05 Gold Mining
25:43 Fletching
27:36 Bodkin Arrow
31:55 Stone Shaft Mining
33:29 Wheelbarrow
32:56 Gillnets
fifox58
3:43 Loom
14:53 Feudal Age
19:11 Castle Age
17:43 Stone Mining
18:37 Double-Bit Axe
18:36 Horse Collar
19:48 Wheelbarrow
19:37 Gold Mining
20:34 Fletching
21:59 Gold Shaft Mining
22:55 Bow Saw
23:35 Bodkin Arrow
25:04 Hand Cart
26:50 Ballistics
33:51 Imperial Age
34:53 Bracer
34:53 Padded Archer Armor
35:20 Thumb Ring
37:15 Conscription
43:05 Two-Man Saw
Connection lost

Rejoining the realm…

Still unreachable

The connection could not be restored.

Session expired

The server has moved on; the page needs a fresh start.